 Dungeon Crawl Stone Soup version 0.30-a0-234-g97d66968fd (webtiles) character file.

Game seed: 7892694118050849561

37953 qw the Cleaver (level 14, 0/90 HPs)
             Began as a Gargoyle Fighter on Oct 9, 2022.
             Was the Champion of Okawaru.
             Slain by an elephant (6 damage)
             ... on level 5 of the Lair of Beasts.
             The game lasted 00:05:57 (12272 turns).

qw the Cleaver (Gargoyle Fighter)                  Turns: 12272, Time: 00:05:58

Health: 0/90       AC: 35    Str: 30    XL:     14   Next: 0%
Magic:  0/21       EV:  9    Int: 12    God:    Okawaru [******]
Gold:   556        SH:  6    Dex: 15    Spells: 13/13 levels left

rFire   + . .      SeeInvis +    Y - +5 war axe (flame)
rCold   . . .      Faith    .    c - +0 buckler
rNeg    + . .      Spirit   +    v - +0 plate armour
rPois   inf        Reflect  .    j - +0 helmet of Qolep {Rampage Will+++ Regen+ SInv}
rElec   +          Harm     .    i - +0 cloak
rCorr   +          Rampage  +    l - +2 pair of gloves
Will    ++++.      NoCast   +    n - +2 pair of boots
Stlth   ..........               x - amulet of Vexed {Spirit -Cast Fly rElec SInv}
HPRegen 1.15/turn                u - ring of Knowledge {rF+ Int+3 Dex+6 Slay+2}
MPRegen 0.17/turn                q - ring of Balance {rCorr Str+5}

@: flying
A: sickness immunity, AC +10, big wings, negative energy resistance 1,
electricity resistance, torment resistance 1, petrification resistance
a: Renounce Religion, Heroism, Finesse, Duel


You were on level 5 of the Lair of Beasts.
You worshipped Okawaru.
Okawaru was exalted by your worship.
You visited 2 branches of the dungeon, and saw 13 of its levels.
You also visited: Gauntlet.

You collected 786 gold pieces.
You spent 230 gold pieces at shops.


Innate Abilities, Weirdness & Mutations

You are immune to sickness and miasma.
Your stone body is resilient. (AC +10)
You are immune to poison.
Your large and strong wings let you fly.
You resist negative energy. (rN+)
You are resistant to electric shocks. (rElec)
You are resistant to unholy torment.
You are immune to petrification.


   Skills:
 - Level 11.0 Fighting
 + Level 14.0 Axes
 - Level 3.8 Throwing
 - Level 11.0 Armour
 - Level 4.1 Dodging
 - Level 7.0 Shields
 - Level 10.0 Invocations


You had 13 spell levels left.
You didn't know any spells.
Your spell library was empty.

Inventory:

Hand Weapons
 Y - a +5 war axe of flaming (weapon)
Missiles
 e - 6 silver boomerangs (quivered)
Armour
 c - a +0 buckler (worn)
 i - a +0 cloak (worn)
 j - the +0 helmet of Qolep (worn) {Rampage Will+++ Regen+ SInv}
   (You acquired it on level 5 of the Dungeon)

   SInv:      It lets you see invisible.
   Regen:     It increases your rate of health regeneration.
   Rampage:   It bestows one free step when moving towards enemies.
   Will:      It greatly increases your willpower.
 l - a +2 pair of gloves (worn)
 n - a +2 pair of boots (worn)
 v - a +0 plate armour (worn)
 B - a +2 scale mail of fire resistance
Jewellery
 q - the ring of Balance (right hand) {rCorr Str+5}
   (You found it on level 7 of the Dungeon)

   [ring of resist corrosion]

   Str:       It affects your strength (+5).
   rCorr:     It protects you from acid and corrosion.
 r - a ring of protection from fire
 s - a +4 ring of evasion
 t - the ring "Ymerom" {rCorr Int+4 Dex+4 Stlth+}
   (You found it on level 7 of the Dungeon)

   [ring of resist corrosion]

   Int:       It affects your intelligence (+4).
   Dex:       It affects your dexterity (+4).
   rCorr:     It protects you from acid and corrosion.
   Stlth:     It makes you more stealthy.
 u - the ring of Knowledge (left hand) {rF+ Int+3 Dex+6 Slay+2}
   (You took it off a kobold demonologist on level 7 of the Dungeon)

   [ring of dexterity]

   Int:       It affects your intelligence (+3).
   Dex:       It affects your dexterity (+6).
   Slay:      It affects your accuracy & damage with ranged weapons and melee
   (+2).
   rF:        It protects you from fire.
 w - the ring "Inux" {rElec Str+3 Dex+4 SInv}
   (You found it on level 7 of the Dungeon)

   [ring of see invisible]

   Str:       It affects your strength (+3).
   Dex:       It affects your dexterity (+4).
   rElec:     It insulates you from electricity.
   SInv:      It lets you see invisible.
 x - the amulet of Vexed (around neck) {Spirit -Cast Fly rElec SInv}
   (You found it in a Gauntlet)

   [amulet of guardian spirit]

   It causes incoming damage to be divided between your reserves of health and
   magic.
   rElec:     It insulates you from electricity.
   SInv:      It lets you see invisible.
   Fly:       It grants you flight.
   -Cast:     It prevents spellcasting.
Scrolls
 f - 9 scrolls of teleportation
 m - 8 scrolls of identify
Potions
 a - 2 potions of cancellation
 b - a potion of haste
 d - 2 potions of might
 g - 4 potions of curing
 h - 2 potions of mutation
 k - 3 potions of lignification
 o - 3 potions of resistance
 p - 2 potions of attraction
 z - a potion of heal wounds
 A - 2 potions of magic

Dungeon Overview and Level Annotations

Branches:
Dungeon (8/15)             Temple (0/1) D:7            Lair (5/5) D:8
  Swamp (0/4) Lair:2       Spider (0/4) Lair:3      Gauntlet (visited)
  Slime: Lair:4-5

Altars:
Ashenzari
Dithmenos
Fedhas
Gozag
Hepliaklqana
Kikubaaqudgha
Makhleb
Okawaru
Ru
Sif Muna
Wu Jian
Zin
The Shining One

Shops:
D:5 [(   D:6 *


Message History

The elephant tramples you but does no damage.
The elephant trunk-slaps you.
The elephant tramples you but does no damage.
The elephant trunk-slaps you but does no damage.
The cane toad stings you.
12267 ||| REMOVING amulet of Vexed {Spirit -Cast Fly rElec SInv}.
The cane toad stings you but does no damage.
You stop removing your amulet.
You block the elephant's attack.
The elephant trunk-slaps you but does no damage.
The elephant tramples you.
You hold your ground!
The elephant trunk-slaps you but does no damage.
12268 ||| REMOVING amulet of Vexed {Spirit -Cast Fly rElec SInv}.
The cane toad stings you but does no damage.
You stop removing your amulet.
The elephant tramples you but does no damage.
The elephant barely misses you. You block the elephant's attack.
The elephant trunk-slaps you but does no damage.
12269 ||| REMOVING amulet of Vexed {Spirit -Cast Fly rElec SInv}.
The cane toad stings you.
You stop removing your amulet.
The elephant tramples you but does no damage.
You block the elephant's attack.
The elephant tramples you but does no damage.
The elephant trunk-slaps you.
12270 ||| REMOVING amulet of Vexed {Spirit -Cast Fly rElec SInv}.
The cane toad stings you but does no damage.
You stop removing your amulet.
The elephant tramples you but does no damage.
The elephant misses you. The elephant tramples you.
You hold your ground!
The elephant completely misses you.
12271 ||| REMOVING amulet of Vexed {Spirit -Cast Fly rElec SInv}.
The cane toad stings you but does no damage.
You stop removing your amulet.
The elephant tramples you!
You hold your ground!
The elephant closely misses you. x2
The elephant trunk-slaps you but does no damage.
The cane toad stings you!
12272 ||| REMOVING amulet of Vexed {Spirit -Cast Fly rElec SInv}.
You block the cane toad's attack.
You stop removing your amulet.
The elephant barely misses you. The elephant closely misses you.
The elephant tramples you!
You die...

.....................
......................
...........P##.#..##.
#.+#....%...# +.+##
#...####%\.##....#
#..##.#.%........#
#................P
#..P.YY....##....
#.##..F@#....#....
#...###....# #.# #(#..
P....# ## ...((.
....#.. ....(..
........ .(.....
....... .......
...Y...


You could see 2 elephants and a cane toad.

Vanquished Creatures
  A minotaur (Gauntlet)
  6 hydras
  3 two-headed ogres
  A boulder beetle (D:7)
  Amaemon (Lair:3)
  A cyclops (D:7)
  An oklob plant (Lair:4)
  An ugly thing (D:7)
  5 black mambas
  14 elephants
  10 cane toads
  A torpor snail (Gauntlet)
  7 komodo dragons
  An orange demon (Lair:3)
  A kobold demonologist (D:7)
  2 rime drakes (Lair:4)
  3 polar bears
  3 meliai (Gauntlet)
  Grinder (D:3)
  5 dream sheep (Lair:5)
  A slime creature (D:7)
  18 blink frogs
  A vampire (D:8)
  2 shadows (Gauntlet)
  3 basilisks
  4 wyverns
  27 yaks
  16 water moccasins
  3 sky beasts
  An orc warrior (D:7)
  2 black bears
  2 ice beasts
  2 ogres
  9 wolves
  2 centaurs
  A phantom (D:5)
  A kobold brigand (D:8)
  10 bullfrogs
  3 gnoll sergeants
  7 scorpions
  2 necrophages
  5 wights (D:8)
  A howler monkey (D:7)
  2 orc priests (D:7)
  2 hounds
  2 jellies
  Natasha (thrice) (D:3)
  Terence (D:3)
  3 orc wizards
  A scorpion zombie (D:3)
  3 iguanas
  13 hell rats (Lair:4)
  8 gnolls
  13 adders
  2 shadow imps
  16 white imps
  An ufetubus (D:5)
  An adder skeleton (D:3)
  4 worms
  2 dart slugs (D:3)
  23 orcs
  7 ball pythons
  6 endoplasms
  3 giant cockroaches
  7 goblins
  4 hobgoblins
  4 jackals (D:2)
  5 quokkas
  A ball python skeleton (D:3)
  7 bats
  A frilled lizard (D:1)
  A giant cockroach zombie (D:3)
  12 kobolds
  3 rats
352 creatures vanquished.

Vanquished Creatures (others)
  15 fungi
  26 plants
  6 withered plants (D:3)
47 creatures vanquished.

Grand Total: 399 creatures vanquished

Notes
Turn   | Place    | Note
-------+----------+-------------------------------------------
     0 | D:1      | qw the Gargoyle Fighter began the quest for the Orb.
     0 | D:1      | Reached XP level 1. HP: 14/14 MP: 1/1
     0 | D:1      | 0 ||| qw: Version: 0.2-a-17-g06abaee
     0 | D:1      | 0 ||| qw: Game counter: 2344
     0 | D:1      | 0 ||| qw: Always use a shield: true
     0 | D:1      | 0 ||| qw: God list: Okawaru
     0 | D:1      | 0 ||| qw: Allow faded altars: false
     0 | D:1      | 0 ||| qw: Do Orc after D:15 true
     0 | D:1      | 0 ||| qw: Do second Lair branch before Depths: true
     0 | D:1      | 0 ||| qw: Lair rune preference: random
     0 | D:1      | 0 ||| qw: Plans: Normal, Zot:1-4, God:TSO, Crypt, Tomb,
                  | Pan, Slime:5, Hells, Abyss, Orb
     0 | D:1      | 0 ||| PLANNING D:1-11
    48 | D:1      | 48 ||| Stepping ~*~*~tactically~*~*~ (stealth).
    60 | D:1      | Reached skill level 2 in Axes
   153 | D:1      | 153 ||| DROPPING +0 mace.
   190 | D:1      | Reached XP level 2. HP: 18/19 MP: 2/2
   392 | D:1      | 392 ||| Stepping ~*~*~tactically~*~*~ (stealth).
   394 | D:1      | 394 ||| Stepping ~*~*~tactically~*~*~ (stealth).
   396 | D:1      | 396 ||| Stepping ~*~*~tactically~*~*~ (stealth).
   742 | D:1      | Reached skill level 3 in Axes
   878 | D:1      | 878 ||| UPGRADING to +1 pair of gloves.
   883 | D:1      | 883 ||| UPGRADING to amulet of guardian spirit.
   888 | D:1      | 888 ||| READING scroll labelled LOMEET ERUCLE.
   889 | D:1      | 889 ||| READING 2 scrolls labelled JOGUDAE FOEVIU.
   890 | D:1      | 890 ||| READING scroll of enchant weapon.
   890 | D:1      | 890 ||| ENCHANTING +1 war axe.
   891 | D:1      | 891 ||| READING 3 scrolls labelled TEUMPA FECAO.
   892 | D:1      | 892 ||| READING scroll labelled UMIQUS VAGAICRIF.
   893 | D:1      | 893 ||| DRINKING 2 bubbling silvery potions.
   894 | D:1      | 894 ||| DROPPING 2 scrolls of vulnerability.
   942 | D:2      | 942 ||| STAIRDANCE
   950 | D:1      | Reached XP level 3. HP: 23/23 MP: 3/3
   952 | D:2      | 952 ||| STAIRDANCE
   963 | D:2      | 963 ||| STAIRDANCE
  1210 | D:2      | Reached XP level 4. HP: 28/28 MP: 4/4
  1288 | D:2      | Reached skill level 4 in Axes
  1361 | D:2      | 1361 ||| Stepping ~*~*~tactically~*~*~ (hiding).
  1362 | D:2      | 1362 ||| Stepping ~*~*~tactically~*~*~ (hiding).
  1673 | D:2      | 1673 ||| READING scroll labelled CEULICZ ACVIE.
  1678 | D:2      | 1678 ||| READING 3 scrolls labelled PUMNUA EKLOVEO.
  1679 | D:2      | 1679 ||| READING 2 scrolls labelled RIYRPH FASHIQU.
  1680 | D:2      | 1680 ||| DRINKING 2 grey potions.
  1681 | D:2      | 1681 ||| READING 2 scrolls of identify.
  1681 | D:2      | 1681 ||| IDENTIFYING murky brown potion
  1682 | D:2      | 1682 ||| DROPPING potion of magic.
  1683 | D:2      | 1683 ||| DROPPING scroll of immolation.
  1726 | D:3      | Found a faded altar of an unknown god.
  1751 | D:3      | Noticed Natasha
  1762 | D:3      | Killed Natasha
  1864 | D:3      | Noticed Natasha
  1866 | D:3      | 1866 ||| Stepping ~*~*~tactically~*~*~ (hiding).
  1871 | D:3      | Killed Natasha
  1872 | D:3      | Reached XP level 5. HP: 32/32 MP: 5/5
  2021 | D:3      | Noticed Natasha
  2023 | D:3      | 2023 ||| Stepping ~*~*~tactically~*~*~ (hiding).
  2033 | D:3      | Killed Natasha
  2034 | D:3      | Reached skill level 5 in Axes
  2157 | D:3      | 2157 ||| Stepping ~*~*~tactically~*~*~ (hiding).
  2293 | D:3      | 2293 ||| Stepping ~*~*~tactically~*~*~ (stealth).
  2428 | D:3      | Noticed Terence
  2441 | D:3      | Killed Terence
  2442 | D:3      | Reached skill level 1 in Dodging
  2442 | D:3      | Reached XP level 6. HP: 25/38 MP: 3/6
  2491 | D:3      | 2491 ||| DROPPING +0 flail.
  2667 | D:3      | Found an iron altar of Okawaru.
  2668 | D:3      | 2668 ||| PLANNING OKAWARU WORSHIP
  2668 | D:3      | 2668 ||| UPGRADING to +0 chain mail.
  2678 | D:3      | 2678 ||| DROPPING +0 scale mail.
  2679 | D:3      | 2679 ||| READING scroll labelled ZAMOANNAUF.
  2680 | D:3      | 2680 ||| READING scroll labelled MUDWEZ YSILU.
  2681 | D:3      | 2681 ||| READING scroll labelled JAGIERUFRY.
  2682 | D:3      | 2682 ||| READING 3 scrolls labelled GOMIOFA FIYDGHU.
  2683 | D:3      | 2683 ||| DRINKING 3 amethyst potions.
  2684 | D:3      | 2684 ||| READING 3 scrolls of identify.
  2684 | D:3      | 2684 ||| IDENTIFYING red potion
  2685 | D:3      | 2685 ||| READING 2 scrolls of identify.
  2685 | D:3      | 2685 ||| IDENTIFYING fizzy red potion
  2686 | D:3      | 2686 ||| DROPPING potion of berserk rage.
  2687 | D:3      | 2687 ||| DROPPING 2 potions of degeneration.
  2688 | D:3      | 2688 ||| DROPPING 2 scrolls of butterflies.
  2691 | D:3      | Became a worshipper of Warmaster Okawaru
  2692 | D:3      | 2692 ||| PLANNING D:1-11
  2692 | D:3      | 2692 ||| REMOVING amulet of guardian spirit.
  2697 | D:3      | Noticed Grinder
  2698 | D:3      | 2698 ||| Stepping ~*~*~tactically~*~*~ (hiding).
  2709 | D:3      | Paralysed by Grinder for 2 turns
  2733 | D:3      | Killed Grinder
  2734 | D:3      | Reached skill level 6 in Axes
  2799 | D:3      | Found a glowing silver altar of Zin.
  2874 | D:3      | 2874 ||| DROPPING amulet of guardian spirit.
  3014 | D:4      | 3014 ||| Stepping ~*~*~tactically~*~*~ (stealth).
  3015 | D:4      | 3015 ||| Stepping ~*~*~tactically~*~*~ (stealth).
  3020 | D:4      | Reached XP level 7. HP: 43/43 MP: 7/7
  3113 | D:4      | Found a shadowy altar of Dithmenos.
  3265 | D:4      | Found a glowing golden altar of the Shining One.
  3372 | D:4      | Found a sacrificial altar of Ru.
  3396 | D:4      | 3396 ||| DROPPING orb of energy.
  3397 | D:4      | 3397 ||| UPGRADING to ring of protection from fire.
  3398 | D:4      | 3398 ||| DRINKING 2 fizzy purple potions.
  3499 | D:4      | 3499 ||| DRINKING 2 dark potions.
  3500 | D:4      | 3500 ||| READING 3 scrolls of identify.
  3500 | D:4      | 3500 ||| IDENTIFYING black potion
  3501 | D:4      | 3501 ||| READING 2 scrolls of identify.
  3501 | D:4      | 3501 ||| IDENTIFYING fizzy clear potion
  3502 | D:4      | 3502 ||| DROPPING potion of brilliance.
  3503 | D:4      | 3503 ||| DROPPING potion of ambrosia.
  3534 | D:5      | Entered Level 5 of the Dungeon
  3547 | D:5      | 3547 ||| STAIRDANCE
  3551 | D:5      | 3551 ||| STAIRDANCE
  3555 | D:5      | 3555 ||| STAIRDANCE
  3559 | D:5      | 3559 ||| STAIRDANCE
  3563 | D:5      | 3563 ||| STAIRDANCE
  3567 | D:5      | 3567 ||| STAIRDANCE
  3571 | D:5      | 3571 ||| STAIRDANCE
  3575 | D:5      | 3575 ||| STAIRDANCE
  3579 | D:5      | 3579 ||| STAIRDANCE
  3583 | D:5      | 3583 ||| STAIRDANCE
  3587 | D:5      | 3587 ||| STAIRDANCE
  3591 | D:5      | 3591 ||| STAIRDANCE
  3595 | D:5      | 3595 ||| STAIRDANCE
  3599 | D:5      | 3599 ||| STAIRDANCE
  3603 | D:5      | 3603 ||| STAIRDANCE
  3607 | D:5      | 3607 ||| STAIRDANCE
  3611 | D:5      | 3611 ||| STAIRDANCE
  3615 | D:5      | 3615 ||| STAIRDANCE
  3619 | D:5      | 3619 ||| STAIRDANCE
  3623 | D:5      | 3623 ||| STAIRDANCE
  3637 | D:5      | Found Fiaquz's Weapon Shoppe.
  3648 | D:5      | 3648 ||| SHOPLISTING +3 war axe of electrocution (385 gold,
                  | have 220).
  3732 | D:5      | 3732 ||| Stepping ~*~*~tactically~*~*~ (stealth).
  3734 | D:5      | 3734 ||| Stepping ~*~*~tactically~*~*~ (hiding).
  3743 | D:5      | 3743 ||| Stepping ~*~*~tactically~*~*~ (stealth).
  3772 | D:5      | Found Olohur Cuca's Antique Armour Shop.
  3781 | D:5      | 3781 ||| BUYING glowing ring mail (140 gold).
  3781 | D:5      | Bought a glowing ring mail for 140 gold pieces
  3781 | D:5      | 3781 ||| SHOPLISTING glowing ring mail (140 gold, have
                  | 108).
  3781 | D:5      | 3781 ||| BUYING helmet (90 gold).
  3781 | D:5      | Bought a helmet for 90 gold pieces
  3781 | D:5      | 3781 ||| SHOPLISTING plate armour (460 gold, have 18).
  3781 | D:5      | 3781 ||| SHOPLISTING shiny plate armour (520 gold, have
                  | 18).
  3823 | D:5      | 3823 ||| Stepping ~*~*~tactically~*~*~ (stealth).
  3831 | D:5      | Reached skill level 7 in Axes
  3841 | D:5      | HP: 7/43 [gnoll sergeant/+0 trident (7)]
  3842 | D:5      | 3842 ||| DRINKING potion of heal wounds.
  3849 | D:5      | Reached * piety under Okawaru
  3945 | D:5      | Reached skill level 1 in Invocations
  3949 | D:5      | 3949 ||| Stepping ~*~*~tactically~*~*~ (stealth).
  3950 | D:5      | 3950 ||| Stepping ~*~*~tactically~*~*~ (stealth).
  3951 | D:5      | 3951 ||| Stepping ~*~*~tactically~*~*~ (stealth).
  3954 | D:5      | 3954 ||| INVOKING Heroism.
  3960 | D:5      | Reached XP level 8. HP: 49/49 MP: 5/9
  3999 | D:5      | 3999 ||| Stepping ~*~*~tactically~*~*~ (stealth).
  4015 | D:5      | 4015 ||| READING scroll of enchant weapon.
  4015 | D:5      | 4015 ||| ENCHANTING +2 war axe.
  4045 | D:5      | 4045 ||| READING scroll of enchant weapon.
  4045 | D:5      | 4045 ||| ENCHANTING +3 war axe.
  4177 | D:5      | Reached skill level 3 in Invocations
  4431 | D:5      | 4431 ||| UPGRADING to +0 helmet.
  4436 | D:5      | 4436 ||| READING scroll labelled ONLEIZUNIA.
  4437 | D:5      | 4437 ||| READING scroll labelled MEAQIDD NUIFO.
  4437 | D:5      | Identified a scroll of acquirement
  4437 | D:5      | 4437 ||| ACQUIRING +0 helmet of Qolep {Rampage Will+++
                  | Regen+ SInv}
  4437 | D:5      | Acquired the +0 helmet of Qolep {Rampage Will+++ Regen+
                  | SInv}
  4439 | D:5      | 4439 ||| UPGRADING to +0 helmet of Qolep {Rampage Will+++
                  | Regen+ SInv}.
  4449 | D:5      | 4449 ||| DROPPING +0 helmet.
  4450 | D:5      | 4450 ||| READING 2 scrolls of identify.
  4450 | D:5      | 4450 ||| IDENTIFYING inky potion
  4465 | D:4      | 4465 ||| DROPPING ring of flight.
  4480 | D:5      | 4480 ||| DROPPING +1 vorpal flail.
  4717 | D:5      | 4717 ||| READING 2 scrolls of identify.
  4717 | D:5      | 4717 ||| IDENTIFYING fizzy coppery potion
  4718 | D:5      | 4718 ||| DROPPING potion of flight.
  4788 | D:6      | Found an ornate altar of the Wu Jian Council.
  4801 | D:6      | 4801 ||| INVOKING Heroism.
  4802 | D:6      | Reached ** piety under Okawaru
  4809 | D:6      | Reached skill level 8 in Axes
  4819 | D:6      | 4819 ||| INVOKING Heroism.
  4864 | D:6      | Reached skill level 6 in Fighting
  4864 | D:6      | Reached XP level 9. HP: 50/55 MP: 12/12
  4890 | D:6      | 4890 ||| INVOKING Heroism.
  4904 | D:6      | 4904 ||| Stepping ~*~*~tactically~*~*~ (stealth).
  4956 | D:6      | 4956 ||| INVOKING Heroism.
  4961 | D:6      | 4961 ||| Stepping ~*~*~tactically~*~*~ (stealth).
  4982 | D:6      | 4982 ||| Stepping ~*~*~tactically~*~*~ (stealth).
  4985 | D:6      | 4985 ||| INVOKING Heroism.
  4993 | D:6      | Reached skill level 9 in Axes
  5009 | D:6      | Reached *** piety under Okawaru
  5052 | D:6      | 5052 ||| INVOKING Heroism.
  5079 | D:6      | Found Biroaw's Overcharged Wands.
  5088 | D:6      | 5088 ||| SHOPLISTING wand of digging (11) (693 gold, have
                  | 111).
  5109 | D:6      | Found a blossoming altar of Fedhas.
  5127 | D:6      | Noticed an oklob plant
  5128 | D:6      | 5128 ||| INVOKING Heroism.
  5326 | D:6      | Found a hazy altar of Hepliaklqana.
  5327 | D:6      | Found a faded altar of an unknown god.
  5444 | D:6      | 5444 ||| READING scroll labelled RUB POHIKKUA.
  5667 | D:7      | Found a broken altar of Ashenzari.
  5670 | D:7      | Found an ancient bone altar of Kikubaaqudgha.
  5674 | D:7      | Found an opulent altar of Gozag.
  5723 | D:7      | 5723 ||| Stepping ~*~*~tactically~*~*~ (hiding).
  5852 | D:7      | 5852 ||| Stepping ~*~*~tactically~*~*~ (stealth).
  5854 | D:7      | 5854 ||| Stepping ~*~*~tactically~*~*~ (stealth).
  5856 | D:7      | 5856 ||| INVOKING Heroism.
  5926 | D:7      | 5926 ||| Stepping ~*~*~tactically~*~*~ (hiding).
  5940 | D:7      | Reached skill level 10 in Axes
  5954 | D:7      | Reached XP level 10. HP: 63/63 MP: 13/13
  5971 | D:7      | Noticed a cyclops
  5972 | D:7      | 5972 ||| INVOKING Heroism.
  5972 | D:7      | Noticed a two-headed ogre
  5973 | D:7      | 5973 ||| Stepping ~*~*~tactically~*~*~ (stealth).
  5979 | D:7      | Killed a cyclops
  5979 | D:7      | Reached **** piety under Okawaru
  5979 | D:7      | Noticed a brown ugly thing
  5985 | D:7      | Killed a brown ugly thing
  6000 | D:7      | Identified the ring "Inux" {rElec Str+3 Dex+4 SInv}
  6003 | D:7      | Identified the ring of Balance {rCorr Str+5}
  6004 | D:7      | 6004 ||| INVOKING Heroism.
  6014 | D:7      | Killed a two-headed ogre
  6014 | D:7      | Received a gift from Okawaru
  6019 | D:7      | Noticed a boulder beetle
  6020 | D:7      | Reached skill level 6 in Invocations
  6043 | D:7      | Killed a boulder beetle
  6044 | D:7      | Reached skill level 6 in Armour
  6063 | D:7      | Identified the ring "Ymerom" {rCorr Int+4 Dex+4 Stlth+}
  6071 | D:7      | 6071 ||| INVOKING Heroism.
  6084 | D:7      | 6084 ||| Stepping ~*~*~tactically~*~*~ (stealth).
  6091 | D:7      | Noticed a two-headed ogre
  6095 | D:7      | Reached ***** piety under Okawaru
  6101 | D:7      | 6101 ||| INVOKING Heroism.
  6105 | D:7      | Identified the ring of Knowledge {rF+ Int+3 Dex+6 Slay+2}
  6105 | D:7      | Noticed a kobold demonologist
  6110 | D:7      | Killed a two-headed ogre
  6112 | D:7      | 6112 ||| FLEEEEING.
  6119 | D:7      | Killed a kobold demonologist
  6153 | D:7      | 6153 ||| INVOKING Heroism.
  6164 | D:7      | Reached XP level 11. HP: 65/69 MP: 14/16
  6189 | D:7      | 6189 ||| Stepping ~*~*~tactically~*~*~ (hiding).
  6190 | D:7      | 6190 ||| Stepping ~*~*~tactically~*~*~ (hiding).
  6349 | D:7      | Found a staircase to the Ecumenical Temple.
  6583 | D:7      | 6583 ||| UPGRADING to +2 pair of boots.
  6588 | D:7      | 6588 ||| Stepping ~*~*~tactically~*~*~ (stealth).
  6589 | D:7      | 6589 ||| UPGRADING to ring "Inux" {rElec Str+3 Dex+4 SInv}.
  6590 | D:7      | 6590 ||| UPGRADING to ring of Balance {rCorr Str+5}.
  6592 | D:7      | 6592 ||| UPGRADING to ring of Knowledge {rF+ Int+3 Dex+6
                  | Slay+2}.
  6594 | D:7      | 6594 ||| UPGRADING to ring of Balance {rCorr Str+5}.
  6599 | D:7      | 6599 ||| Stepping ~*~*~tactically~*~*~ (stealth).
  6600 | D:7      | 6600 ||| Stepping ~*~*~tactically~*~*~ (stealth).
  6601 | D:7      | 6601 ||| Stepping ~*~*~tactically~*~*~ (stealth).
  6602 | D:7      | 6602 ||| Stepping ~*~*~tactically~*~*~ (stealth).
  6611 | D:7      | Received a gift from Okawaru
  6621 | D:7      | 6621 ||| DROPPING +2 broad axe of distortion.
  6637 | D:8      | Found a staircase to the Lair.
  6639 | D:8      | 6639 ||| INVOKING Heroism.
  6714 | D:8      | 6714 ||| INVOKING Heroism.
  6776 | D:8      | 6776 ||| INVOKING Heroism.
  6793 | D:8      | Found a burning altar of Makhleb.
  6814 | D:8      | Noticed a two-headed ogre
  6815 | D:8      | 6815 ||| INVOKING Heroism.
  6823 | D:8      | Killed a two-headed ogre
  7141 | D:8      | 7141 ||| INVOKING Heroism.
  7195 | D:8      | 7195 ||| Stepping ~*~*~tactically~*~*~ (stealth).
  7196 | D:8      | 7196 ||| INVOKING Heroism.
  7518 | D:8      | 7518 ||| PLANNING LAIR
  7518 | D:8      | 7518 ||| DROPPING +1 ring mail of cold resistance.
  7519 | D:8      | 7519 ||| UPGRADING to +0 plate armour.
  7529 | D:8      | 7529 ||| DROPPING +0 chain mail.
  7592 | Lair:1   | Entered Level 1 of the Lair of Beasts
  7640 | Lair:1   | 7640 ||| INVOKING Heroism.
  7658 | Lair:1   | Reached skill level 9 in Invocations
  7721 | Lair:1   | 7721 ||| INVOKING Heroism.
  7834 | Lair:1   | 7834 ||| INVOKING Heroism.
  7869 | Lair:1   | 7869 ||| INVOKING Heroism.
  7910 | Lair:1   | 7910 ||| INVOKING Heroism.
  7981 | Lair:1   | 7981 ||| INVOKING Heroism.
  8070 | Lair:1   | 8070 ||| INVOKING Heroism.
  8079 | Lair:1   | Reached skill level 11 in Axes
  8135 | Lair:1   | 8135 ||| INVOKING Heroism.
  8628 | Lair:1   | 8628 ||| READING 5 scrolls of identify.
  8628 | Lair:1   | 8628 ||| IDENTIFYING fuming green potion
  8752 | Lair:2   | Reached skill level 9 in Fighting
  8831 | Lair:2   | 8831 ||| INVOKING Heroism.
  8840 | Lair:2   | Reached skill level 3 in Dodging
  8843 | Lair:2   | Reached XP level 12. HP: 69/76 MP: 17/19
  8888 | Lair:2   | Found a shimmering blue altar of Sif Muna.
  8909 | Lair:2   | Received a gift from Okawaru
  9056 | Lair:2   | 9056 ||| Stepping ~*~*~tactically~*~*~ (stealth).
  9058 | Lair:2   | Noticed a five-headed hydra
  9059 | Lair:2   | 9059 ||| INVOKING Heroism.
  9060 | Lair:2   | 9060 ||| INVOKING Finesse.
  9062 | Lair:2   | 9062 ||| SWAPPING to +2 flail of draining.
  9068 | Lair:2   | 9068 ||| Stepping ~*~*~tactically~*~*~ (outnumbered).
  9073 | Lair:2   | 9073 ||| Stepping ~*~*~tactically~*~*~ (outnumbered).
  9076 | Lair:2   | 9076 ||| Stepping ~*~*~tactically~*~*~ (outnumbered).
  9077 | Lair:2   | Killed a five-headed hydra
  9078 | Lair:2   | 9078 ||| SWAPPING to +4 war axe.
  9118 | Lair:2   | Found a staircase to the Swamp.
  9142 | Lair:2   | 9142 ||| Stepping ~*~*~tactically~*~*~ (stealth).
  9143 | Lair:2   | 9143 ||| INVOKING Heroism.
  9152 | Lair:2   | Reached skill level 12 in Axes
  9233 | Lair:2   | Noticed a five-headed hydra
  9234 | Lair:2   | 9234 ||| INVOKING Heroism.
  9235 | Lair:2   | 9235 ||| INVOKING Finesse.
  9237 | Lair:2   | 9237 ||| SWAPPING to +2 flail of draining.
  9244 | Lair:2   | Killed a five-headed hydra
  9245 | Lair:2   | 9245 ||| SWAPPING to +4 war axe.
  9349 | Lair:2   | 9349 ||| INVOKING Heroism.
  9507 | Lair:2   | 9507 ||| DROPPING scarf of shadows.
  9508 | Lair:2   | 9508 ||| DROPPING +6 ring of strength.
  9530 | Lair:3   | Identified the +2 robe of Titrel {Rampage Int+6}
  9531 | Lair:3   | Noticed a seven-headed hydra
  9532 | Lair:3   | 9532 ||| INVOKING Heroism.
  9533 | Lair:3   | 9533 ||| INVOKING Finesse.
  9535 | Lair:3   | 9535 ||| SWAPPING to +2 flail of draining.
  9542 | Lair:3   | Killed a seven-headed hydra
  9543 | Lair:3   | Reached skill level 9 in Armour
  9543 | Lair:3   | 9543 ||| SWAPPING to +4 war axe.
  9545 | Lair:3   | Noticed a six-headed hydra
  9553 | Lair:3   | 9553 ||| SWAPPING to +2 flail of draining.
  9555 | Lair:3   | Reached skill level 6 in Shields
  9559 | Lair:3   | Killed a six-headed hydra
  9560 | Lair:3   | 9560 ||| SWAPPING to +4 war axe.
  9643 | Lair:3   | 9643 ||| Stepping ~*~*~tactically~*~*~ (stealth).
  9650 | Lair:3   | Noticed a six-headed hydra
  9651 | Lair:3   | 9651 ||| INVOKING Heroism.
  9652 | Lair:3   | 9652 ||| INVOKING Finesse.
  9656 | Lair:3   | 9656 ||| Stepping ~*~*~tactically~*~*~ (stealth).
  9661 | Lair:3   | 9661 ||| SWAPPING to +2 flail of draining.
  9668 | Lair:3   | Killed a six-headed hydra
  9669 | Lair:3   | 9669 ||| SWAPPING to +4 war axe.
  9749 | Lair:3   | 9749 ||| INVOKING Heroism.
  9837 | Lair:3   | Found a hole to the Spider Nest.
  9853 | Lair:3   | 9853 ||| Stepping ~*~*~tactically~*~*~ (stealth).
  9856 | Lair:3   | 9856 ||| Stepping ~*~*~tactically~*~*~ (stealth).
  9862 | Lair:3   | 9862 ||| INVOKING Heroism.
  9892 | Lair:3   | Noticed Amaemon
  9902 | Lair:3   | 9902 ||| INVOKING Heroism.
  9903 | Lair:3   | Killed Amaemon
  9914 | Lair:3   | Reached skill level 13 in Axes
  9918 | Lair:3   | Received a gift from Okawaru
  9919 | Lair:3   | Reached XP level 13. HP: 66/82 MP: 20/20
  9934 | Lair:3   | 9934 ||| DROPPING +2 flail of draining.
 10013 | Lair:3   | 10013 ||| Stepping ~*~*~tactically~*~*~ (stealth).
 10014 | Lair:3   | 10014 ||| Stepping ~*~*~tactically~*~*~ (stealth).
 10027 | Lair:3   | 10027 ||| Stepping ~*~*~tactically~*~*~ (stealth).
 10030 | Lair:3   | 10030 ||| INVOKING Heroism.
 10035 | Lair:3   | 10035 ||| Stepping ~*~*~tactically~*~*~ (stealth).
 10074 | Lair:3   | Received a gift from Okawaru
 10363 | Lair:3   | 10363 ||| READING scroll labelled FAYMIY ONOATTO.
 10364 | Lair:3   | 10364 ||| DROPPING -1 demon whip of venom.
 10400 | Lair:4   | Found a frozen archway.
 10401 | Lair:4   | 10401 ||| INVOKING Heroism.
 10443 | Lair:4   | 10443 ||| INVOKING Heroism.
 10457 | Lair:4   | 10457 ||| INVOKING Finesse.
 10473 | Lair:4   | 10473 ||| INVOKING Heroism.
 10512 | Lair:4   | 10512 ||| Stepping ~*~*~tactically~*~*~ (stealth).
 10521 | Lair:4   | 10521 ||| Stepping ~*~*~tactically~*~*~ (stealth).
 10533 | Lair:4   | Reached skill level 14 in Axes
 10817 | Lair:4   | 10817 ||| Stepping ~*~*~tactically~*~*~ (hiding).
 10818 | Lair:4   | 10818 ||| Stepping ~*~*~tactically~*~*~ (hiding).
 10819 | Lair:4   | 10819 ||| Stepping ~*~*~tactically~*~*~ (hiding).
 10820 | Lair:4   | 10820 ||| Stepping ~*~*~tactically~*~*~ (hiding).
 10821 | Lair:4   | 10821 ||| INVOKING Heroism.
 10970 | Lair:4   | 10970 ||| INVOKING Heroism.
 11057 | Lair:4   | 11057 ||| INVOKING Heroism.
 11221 | Lair:4   | 11221 ||| INVOKING Heroism.
 11431 | Lair:4   | 11431 ||| INVOKING Heroism.
 11660 | Lair:4   | 11660 ||| UPGRADING to +0 cloak.
 11665 | Lair:4   | 11665 ||| DROPPING amulet of faith.
 11697 | Lair:5   | Entered Level 5 of the Lair of Beasts
 11698 | Lair:5   | 11698 ||| PLANNING GAUNTLET
 11726 | Lair:5   | Reached ****** piety under Okawaru
 11726 | Lair:5   | Received a gift from Okawaru
 11742 | Lair:5   | 11742 ||| INVOKING Heroism.
 11781 | Lair:5   | Found a gate leading to a gauntlet.
 11790 | Gauntlet | Entered a Gauntlet
 11790 | Gauntlet | Found a transporter.
 11790 | Gauntlet | Found a transporter.
 11790 | Gauntlet | Found a transporter.
 11800 | Gauntlet | Found a transporter.
 11803 | Gauntlet | Found a transporter.
 11811 | Gauntlet | Found a transporter.
 11815 | Gauntlet | Found a transporter.
 11822 | Gauntlet | Found a transporter.
 11840 | Gauntlet | Found a transporter.
 11857 | Gauntlet | Found a transporter.
 11860 | Gauntlet | Found a transporter.
 11860 | Gauntlet | Found the necklace of Bloodlust {*Rage Will++ Int-3 Slay+6}
 11870 | Gauntlet | Found a transporter.
 11953 | Gauntlet | 11953 ||| Stepping randomly (stuck).
 11955 | Gauntlet | 11955 ||| Stepping randomly (stuck).
 11956 | Gauntlet | 11956 ||| Stepping randomly (stuck).
 11965 | Gauntlet | 11965 ||| INVOKING Heroism.
 12006 | Gauntlet | 12006 ||| READING scroll of enchant weapon.
 12006 | Gauntlet | 12006 ||| ENCHANTING +4 war axe of flaming.
 12039 | Gauntlet | Identified the amulet of Vexed {Spirit -Cast Fly rElec
                  | SInv}
 12041 | Gauntlet | 12041 ||| UPGRADING to amulet of Vexed {Spirit -Cast Fly
                  | rElec SInv}.
 12065 | Gauntlet | Noticed a minotaur
 12066 | Gauntlet | 12066 ||| INVOKING Heroism.
 12067 | Gauntlet | 12067 ||| INVOKING Finesse.
 12080 | Gauntlet | Killed a minotaur
 12081 | Gauntlet | Reached skill level 1 in Throwing
 12130 | Gauntlet | 12130 ||| READING scroll of enchant armour.
 12130 | Gauntlet | 12130 ||| ENCHANTING +1 pair of gloves.
 12160 | Lair:5   | 12160 ||| PLANNING LAIR
 12163 | Lair:5   | 12163 ||| Stepping ~*~*~tactically~*~*~ (stealth).
 12164 | Lair:5   | 12164 ||| Stepping ~*~*~tactically~*~*~ (hiding).
 12166 | Lair:5   | 12166 ||| INVOKING Heroism.
 12173 | Lair:5   | 12173 ||| Stepping ~*~*~tactically~*~*~ (stealth).
 12184 | Lair:5   | Reached skill level 3 in Throwing
 12209 | Lair:5   | 12209 ||| INVOKING Heroism.
 12211 | Lair:5   | 12211 ||| Stepping ~*~*~tactically~*~*~ (stealth).
 12220 | Lair:5   | 12220 ||| Stepping ~*~*~tactically~*~*~ (stealth).
 12221 | Lair:5   | 12221 ||| Stepping ~*~*~tactically~*~*~ (stealth).
 12235 | Lair:5   | Gained mutation: Your large and strong wings let you fly.
                  | [Gargoyle growth]
 12235 | Lair:5   | Reached XP level 14. HP: 90/90 MP: 21/21
 12235 | Lair:5   | 12235 ||| REMOVING amulet of Vexed {Spirit -Cast Fly rElec
                  | SInv}.
 12236 | Lair:5   | 12236 ||| REMOVING amulet of Vexed {Spirit -Cast Fly rElec
                  | SInv}.
 12237 | Lair:5   | 12237 ||| REMOVING amulet of Vexed {Spirit -Cast Fly rElec
                  | SInv}.
 12238 | Lair:5   | 12238 ||| REMOVING amulet of Vexed {Spirit -Cast Fly rElec
                  | SInv}.
 12239 | Lair:5   | 12239 ||| REMOVING amulet of Vexed {Spirit -Cast Fly rElec
                  | SInv}.
 12240 | Lair:5   | 12240 ||| REMOVING amulet of Vexed {Spirit -Cast Fly rElec
                  | SInv}.
 12241 | Lair:5   | 12241 ||| REMOVING amulet of Vexed {Spirit -Cast Fly rElec
                  | SInv}.
 12242 | Lair:5   | 12242 ||| REMOVING amulet of Vexed {Spirit -Cast Fly rElec
                  | SInv}.
 12243 | Lair:5   | 12243 ||| REMOVING amulet of Vexed {Spirit -Cast Fly rElec
                  | SInv}.
 12244 | Lair:5   | 12244 ||| REMOVING amulet of Vexed {Spirit -Cast Fly rElec
                  | SInv}.
 12245 | Lair:5   | 12245 ||| REMOVING amulet of Vexed {Spirit -Cast Fly rElec
                  | SInv}.
 12246 | Lair:5   | 12246 ||| REMOVING amulet of Vexed {Spirit -Cast Fly rElec
                  | SInv}.
 12247 | Lair:5   | 12247 ||| REMOVING amulet of Vexed {Spirit -Cast Fly rElec
                  | SInv}.
 12248 | Lair:5   | 12248 ||| REMOVING amulet of Vexed {Spirit -Cast Fly rElec
                  | SInv}.
 12249 | Lair:5   | 12249 ||| REMOVING amulet of Vexed {Spirit -Cast Fly rElec
                  | SInv}.
 12250 | Lair:5   | 12250 ||| REMOVING amulet of Vexed {Spirit -Cast Fly rElec
                  | SInv}.
 12251 | Lair:5   | 12251 ||| REMOVING amulet of Vexed {Spirit -Cast Fly rElec
                  | SInv}.
 12252 | Lair:5   | 12252 ||| REMOVING amulet of Vexed {Spirit -Cast Fly rElec
                  | SInv}.
 12253 | Lair:5   | 12253 ||| REMOVING amulet of Vexed {Spirit -Cast Fly rElec
                  | SInv}.
 12254 | Lair:5   | 12254 ||| REMOVING amulet of Vexed {Spirit -Cast Fly rElec
                  | SInv}.
 12255 | Lair:5   | 12255 ||| REMOVING amulet of Vexed {Spirit -Cast Fly rElec
                  | SInv}.
 12256 | Lair:5   | 12256 ||| REMOVING amulet of Vexed {Spirit -Cast Fly rElec
                  | SInv}.
 12257 | Lair:5   | 12257 ||| REMOVING amulet of Vexed {Spirit -Cast Fly rElec
                  | SInv}.
 12258 | Lair:5   | 12258 ||| REMOVING amulet of Vexed {Spirit -Cast Fly rElec
                  | SInv}.
 12259 | Lair:5   | 12259 ||| REMOVING amulet of Vexed {Spirit -Cast Fly rElec
                  | SInv}.
 12260 | Lair:5   | 12260 ||| REMOVING amulet of Vexed {Spirit -Cast Fly rElec
                  | SInv}.
 12261 | Lair:5   | 12261 ||| REMOVING amulet of Vexed {Spirit -Cast Fly rElec
                  | SInv}.
 12262 | Lair:5   | 12262 ||| REMOVING amulet of Vexed {Spirit -Cast Fly rElec
                  | SInv}.
 12263 | Lair:5   | 12263 ||| REMOVING amulet of Vexed {Spirit -Cast Fly rElec
                  | SInv}.
 12264 | Lair:5   | 12264 ||| REMOVING amulet of Vexed {Spirit -Cast Fly rElec
                  | SInv}.
 12265 | Lair:5   | 12265 ||| REMOVING amulet of Vexed {Spirit -Cast Fly rElec
                  | SInv}.
 12266 | Lair:5   | 12266 ||| REMOVING amulet of Vexed {Spirit -Cast Fly rElec
                  | SInv}.
 12267 | Lair:5   | 12267 ||| REMOVING amulet of Vexed {Spirit -Cast Fly rElec
                  | SInv}.
 12268 | Lair:5   | 12268 ||| REMOVING amulet of Vexed {Spirit -Cast Fly rElec
                  | SInv}.
 12269 | Lair:5   | 12269 ||| REMOVING amulet of Vexed {Spirit -Cast Fly rElec
                  | SInv}.
 12270 | Lair:5   | 12270 ||| REMOVING amulet of Vexed {Spirit -Cast Fly rElec
                  | SInv}.
 12270 | Lair:5   | HP: 22/90 [elephant (2)]
 12271 | Lair:5   | 12271 ||| REMOVING amulet of Vexed {Spirit -Cast Fly rElec
                  | SInv}.
 12271 | Lair:5   | HP: 4/90 [cane toad (12)]
 12272 | Lair:5   | 12272 ||| REMOVING amulet of Vexed {Spirit -Cast Fly rElec
                  | SInv}.
 12272 | Lair:5   | Slain by an elephant

Levels and vault maps discovered:
D:1:      minmay_arrival_four_loops, layout_loops_cross, minmay_close_crescents
D:2:      layout_basic, minmay_nonomino_d4
D:3:      layout_loops_cross, mainiacjoe_overflow_swirl, serial_undead,
          serial_undead_a, serial_undead_c, serial_undead_c, serial_undead_c,
          basic_ecumenical_altar, uniq_grinder, uniq_terence, uniq_natasha
D:4:      layout_gridville, mainiacjoe_overflow_alcove_4,
          nicolae_overflow_hidden_temple, mainiacjoe_overflow_brackets,
          grunt_decor_resistance
D:5:      layout_basic, serial_shops, kennysheep_mini_moat,
          nicolae_shop_bloodbath_and_beyond, serial_corexii_hall,
          chequers_hall_statues_wall_a, chequers_hall_statues_y,
          minmay_starry_boxes
D:6:      layout_rooms, tgw_fedhas, beargit_hepliaklqana_dungeon_heroes,
          mainiacjoe_overflow_concentric_impassable,
          nicolae_shop_overcharged_wands
D:7:      minmay_the_grid_triangle_9x9_recursive_2
          [minmay_the_grid_triangle_9x9_prize_special,
          minmay_the_grid_triangle_9x9_cache,
          minmay_the_grid_triangle_9x9_longest,
          minmay_the_grid_triangle_9x9_stretched_checkered], layout_loops_ring,
          grunt_temple_overflow_diamond, temple_hall
D:8:      layout_loops_corners, lemuel_tele_altar, david_lair_shrubbed,
          nzn_life_drinkers
Lair:1:   layout_small_grid
Lair:2:   wander_river, layout_gridlike, minmay_swamp_entry_reptiles,
          basic_altar, minmay_holes, wad_woods_road_05, grunt_megastairs_3
Lair:3:   layout_loops_ring, spider_nest_entry_web_field, lemuel_fruit_tree,
          grunt_megastairs_1, uniq_amaemon
Lair:4:   layout_cave_pods, portal_ice_cave_entry_imps, st_stairs_10,
          small_statue_intersection, serial_bayou_shore_a
Lair:5:   grunt_lair_end_beastmaster, layout_regular_city, slime_entry_1,
          gauntlet_entry_generic, uniq_kirke

Skill      XL: |  1  2  3  4  5  6  7  8  9 10 11 12 13 |
---------------+----------------------------------------+-----
Axes           | 2 3 4 5 6 7 8 10 11 13 14 | 14.0
Fighting       | 4 5 6 7 8 9 10 11 | 11.0
Dodging        | 1 3 4 |  4.1
Invocations    | 2 4 7 10 | 10.0
Armour         | 4 5 6 8 9 11 | 11.0
Shields        | 4 5 6 7 |  7.0
Throwing       | 3 |  3.8

Action                   |  1- 3 |  4- 6 |  7- 9 | 10-12 | 13-15 || total
-------------------------+-------+-------+-------+-------+-------++-------
Melee: War axe           |   118 |   121 |   311 |   432 |   268 ||  1250
       Flail             |       |       |       |    36 |       ||    36
Throw: Javelin           |       |       |       |       |    10 ||    10
       Boomerang         |       |       |       |       |     4 ||     4
Invok: Heroism           |       |       |     9 |    29 |    14 ||    52
       Finesse           |       |       |       |     4 |     2 ||     6
  Use: Scroll            |     5 |    10 |     9 |     1 |     3 ||    28
       Potion            |     1 |     2 |     3 |       |       ||     6
Armor: Scale mail        |    80 |    45 |       |       |       ||   125
       Skin              |       |    10 |       |       |       ||    10
       Chain mail        |       |     6 |   173 |    36 |       ||   215
       Plate armour      |       |       |       |   151 |   211 ||   362
Dodge: Dodged            |    76 |    33 |   106 |   152 |   126 ||   493
Block: Buckler           |    27 |    16 |    69 |   111 |   100 ||   323

Table legend:
 A = Non-vault XP
 B = Vault XP
 C = Vault XP percentage of total XP
 D = Non-vault monster count
 E = Vault monster count
 F = Vault count percentage of total count
                 A         B        C        D         E       F
            +---------+---------+-------+---------+---------+-------
      Total |   38080 |   16139 |  29.8 |     274 |      78 |  22.2
            +---------+---------+-------+---------+---------+-------
        D:1 |      28 |      21 |  42.9 |      17 |       6 |  26.1
        D:2 |      46 |       9 |  16.4 |      16 |       3 |  15.8
        D:3 |     111 |     396 |  78.1 |      14 |       7 |  33.3
        D:4 |     101 |       0 |   0.0 |      14 |       0 |   0.0
        D:5 |     732 |     272 |  27.1 |      16 |       8 |  33.3
        D:6 |    2139 |      35 |   1.6 |      28 |       1 |   3.4
        D:7 |     467 |    5139 |  91.7 |      15 |      16 |  51.6
        D:8 |    1331 |     609 |  31.4 |      22 |       2 |   8.3
     Lair:1 |    5598 |       0 |   0.0 |      22 |       0 |   0.0
     Lair:2 |    4479 |    2131 |  32.2 |      19 |       7 |  26.9
     Lair:3 |   11061 |    1145 |   9.4 |      42 |       2 |   4.5
     Lair:4 |    6931 |    1745 |  20.1 |      34 |      15 |  30.6
     Lair:5 |    5056 |       0 |   0.0 |      15 |       0 |   0.0
   Gauntlet |       0 |    4637 | 100.0 |       0 |      11 | 100.0
            +---------+---------+-------+---------+---------+-------
